 Dungeon Crawl Stone Soup version 0.31-a0-1009-g454b1f1e0a (webtiles) character file.

Game seed: 3501174297721974821

769 jt the Scholar of Death (level 7, 0/61 HPs)
             Began as a Naga Necromancer on Nov 13, 2023.
             Was a Follower of Kikubaaqudgha.
             Slain by a sleepcap (14 damage)
             ... on level 5 of the Dungeon on Nov 14, 2023.
             The game lasted 00:14:35 (4394 turns).

jt the Scholar of Death (Naga Necromancer)          Turns: 4394, Time: 00:14:36

Health: 0/61       AC:  3    Str: 11    XL:     7   Next: 82%
Magic:  13/13      EV:  1    Int: 13    God:    Kikubaaqudgha [*.....]
Gold:   311        SH:  0    Dex: 11    Spells: 6/14 levels left

rFire   . . .        v - +2 falchion (holy)
rCold   . . .        (no shield)
rNeg    . . .        a - +0 robe
rPois   +            (no helmet)
rElec   .            (no cloak)
rCorr   .            (no gloves)
SInv    +            (no barding)
Will    .....        d - amulet of faith
Stlth   ++           (no ring)
HPRegen 0.30/turn    (no ring)
MPRegen 0.13/turn

%: faith
@: sleeping, very slow
A: AC +2, large, see invisible, deformed body, poison resistance, slowness 2,
spit poison 1, naga tail 1, dopey 1, weak 1, noise suppression
a: Spit Poison, Renounce Religion, Unearth Wretches


You were on level 5 of the Dungeon.
You worshipped Kikubaaqudgha.
Kikubaaqudgha was aware of your devotion.
You visited 1 branch of the dungeon, and saw 5 of its levels.

You collected 311 gold pieces.

Inventory:

Hand Weapons
 c - a +0 dagger
 h - a +0 short sword
 i - a +0 whip
 k - a +0 hand axe
 n - a +0 sling
 r - a +0 halberd
 u - a +1 antimagic spear
 v - a +2 falchion of holy wrath (weapon)
 x - a +0 spear
 y - a +0 flail
 z - a +0 long sword
 C - a +0 war axe
Missiles
 e - a boomerang
 l - 33 stones
Armour
 a - a +0 robe (worn)
 g - a +0 ring mail
Jewellery
 d - an amulet of faith (around neck)
Scrolls
 f - a scroll of revelation
 j - a scroll of teleportation
 p - a scroll of amnesia
 q - a scroll of vulnerability
 s - a scroll of fog
 t - a scroll of identify
 w - a scroll of poison
 B - 2 scrolls of immolation
Potions
 b - a potion of magic
 m - 2 potions of enlightenment
 o - a potion of mutation


   Skills:
 - Level 2.9 Fighting
 - Level 3.0 Dodging
 - Level 3.0 Stealth
 - Level 2.9 Unarmed Combat
 + Level 4.4 Spellcasting
 + Level 6.0 Necromancy


You had 6 spell levels left.
You knew the following spells:

 Your Spells              Type           Power      Damage    Failure   Level
a - Necrotise             Necr           72%        1d7       1%          1
b - Vampiric Draining     Necr           18%        2d7       4%          3
c - Animate Dead          Necr           18%        N/A       17%         4

Your spell library contained the following spells:

 Spells                   Type           Power      Damage    Failure   Level
 Sublimation of Blood     Necr           18%        N/A       2%          2
 Cigotuvi's Dreadful Rot  Necr/Pois/Air  16%        N/A       13%         2
 Magic Dart               Conj           8%         1d3       21%         1
 Blink                    Tloc           4%         N/A       30%         2
 Call Imp                 Summ           4%         N/A       30%         2
 Lesser Beckoning         Tloc           4%         N/A       30%         2
 Momentum Strike          Conj/Tloc      4%         3d8       30%         2
 Static Discharge         Conj/Air       4%         3-4/arc   30%         2
 Agony                    Necr           18%        N/A       43%         5
 Gell's Gravitas          Tloc           2%         N/A       52%         3
 Ignite Poison            Fire/Tmut/Pois 2%         N/A       52%         3
 Mephitic Cloud           Conj/Pois/Air  2%         N/A       52%         3
 Teleport Other           Tloc           2%         N/A       52%         3
 Airstrike                Air            1%         2d(1-17)  89%         4
 Summon Lightning Spire   Summ/Air       2%         N/A       89%         4
 Freezing Cloud           Conj/Ice/Air   1%         6-21      99%         5


Dungeon Overview and Level Annotations

Branches:
Dungeon (5/15)
 Temple: D:4-7

Altars:
Cheibriados
Dithmenos
Fedhas
Kikubaaqudgha
Nemelex Xobeh
Trog

Shops:
D:1 [

Annotations:
D:4 2 transporters, phunky83's ghost, amateur DrCj


Innate Abilities, Weirdness & Mutations

Your serpentine skin is tough. (AC +2)
You have supernaturally acute eyesight. (SInv)
Armour fits poorly on your strangely shaped body.
Your system is resistant to poisons. (rPois)
You cover ground very slowly.
You can spit poison.
You have a snake-like lower body.
You are dopey. (Int -2)
You are weak. (Str -2)
You passively dampen the noise of your surroundings.


Message History

You destroy the hobgoblin zombie!
Kikubaaqudgha accepts your kill.
Aiming: Spit Poison (1% risk of failure)
Press: ? - help, Shift-Dir - straight line, f - sleepcap
Aim: a sleepcap (100% to hit)
The splash of poison hits the sleepcap.
The sleepcap completely resists.
The sleepcap releases spores at you.
You hit the sleepcap but do no damage. The sleepcap barely misses you.
The sleepcap releases spores at you.
You slash the sleepcap!
The sleepcap is moderately damaged.
The sleepcap releases spores at you.
You are engulfed in a cloud of soporific spores!
You fall asleep.
You have got your breath back.
The sleepcap releases spores at you!!
You wake up.
You are engulfed in a cloud of soporific spores!
You are unaffected.
You are too injured to fight recklessly!
You are too injured to fight recklessly!
You hit the sleepcap.
The sleepcap is moderately damaged.
The sleepcap releases spores at you.
You hit the sleepcap.
The sleepcap is heavily damaged.
The sleepcap releases spores at you!
You are engulfed in a cloud of soporific spores!
You are unaffected.
Okay, then.
You aren't carrying any items that you can evoke.
You slash the sleepcap!
The sleepcap is severely damaged.
The sleepcap releases spores at you but does no damage.
The sleepcap releases spores at you!
* * * LOW HITPOINT WARNING * * *
You are engulfed in a cloud of soporific spores!
You fall asleep.
The sleepcap releases spores at you!
You die...
Kikubaaqudgha rasps: "You have failed me!
Welcome... death!"

#..# #...## # ##.
..+ #..##...#
.....###.#......#
.#..##..##.....##
#.#.#... ##..#..#
.#..... ##..#....
#..#... ##..###....
#.f##..##...# ..#.
##@###.#....##. .#
###..'.##.........
#
#)...###....###....
#..##..##..####
#... #.# ##.#..##
... # #...## ..
#...# #....# #....#


You could see a sleepcap.

Vanquished Creatures
  A black bear (D:5)
  An ogre (D:4)
  A necrophage (D:4)
  2 wights (D:4)
  A hound (D:5)
  A human zombie (D:4)
  An iguana (D:4)
  A scorpion zombie (D:4)
  An orc wizard (D:4)
  4 hound zombies (D:4)
  6 adders
  6 gnolls
  3 adder zombies (D:4)
  2 worms
  3 dart slugs
  4 orcs
  5 ball pythons
  9 endoplasms
  4 giant cockroaches
  7 goblins
  7 hobgoblins
  11 jackals
  3 quokkas
  10 bats
  7 frilled lizards
  A hobgoblin zombie (D:5)
  7 kobolds
  5 rats
114 creatures vanquished.

Vanquished Creatures (collateral kills)
  A worm (D:4)
  2 ball pythons
3 creatures vanquished.

Grand Total: 117 creatures vanquished

Notes
Turn   | Place    | Note
-------+----------+-------------------------------------------
     0 | D:1      | jt the Naga Necromancer began the quest for the Orb.
     0 | D:1      | Reached XP level 1. HP: 15/15 MP: 3/3
   255 | D:1      | Reached XP level 2. HP: 24/24 MP: 3/5
   287 | D:1      | Reached skill level 1 in Unarmed Combat
   405 | D:1      | Reached skill level 1 in Fighting
   643 | D:1      | Reached XP level 3. HP: 31/31 MP: 4/6
   716 | D:1      | Found Fisserphon's Armour Shop.
  1315 | D:2      | Reached XP level 4. HP: 31/39 MP: 5/7
  1527 | D:2      | Found a blossoming altar of Fedhas.
  2009 | D:2      | Reached XP level 5. HP: 25/46 MP: 6/8
  2923 | D:4      | Found an ancient bone altar of Kikubaaqudgha.
  3016 | D:4      | Became a worshipper of Kikubaaqudgha
  3029 | D:4      | Gained mutation: You are weak. (Str -2) [potion of
                  | mutation]
  3029 | D:4      | Gained mutation: You are dopey. (Int -2) [potion of
                  | mutation]
  3029 | D:4      | Gained mutation: You passively dampen the noise of your
                  | surroundings. [potion of mutation]
  3034 | D:4      | Reached XP level 6. HP: 36/52 MP: 2/9
  3229 | D:4      | Found a snail-covered altar of Cheibriados.
  3229 | D:4      | Found a bloodstained altar of Trog.
  3356 | D:4      | Learned a level 3 spell: Vampiric Draining
  3359 | D:4      | Found a shadowy altar of Dithmenos.
  3367 | D:4      | Learned a level 4 spell: Animate Dead
  3382 | D:4      | Reached skill level 5 in Necromancy
  3461 | D:4      | Found a transporter.
  3490 | D:4      | Noticed phunky83's ghost (amateur DrCj)
  3505 | D:4      | Found a transporter.
  3512 | D:4      | Found a sparkling altar of Nemelex Xobeh.
  3529 | D:4      | Reached XP level 7. HP: 61/61 MP: 8/12
  3621 | D:4      | Reached * piety under Kikubaaqudgha
  3621 | D:4      | Received a gift from Kikubaaqudgha
  4096 | D:5      | Entered Level 5 of the Dungeon
  4222 | D:5      | Reached skill level 6 in Necromancy
  4394 | D:5      | Slain by a sleepcap

Illustrated notes

Levels and vault maps discovered:
D:1:      dpeg_arrival_windows_large_door, layout_basic, serial_shops, shop,
          minmay_vboxes
D:2:      layout_loops_ring, basic_altar
D:3:      layout_loops_cross, grunt_ministairs_10, roderic_batcave
D:4:      layout_rooms, lemuel_round_altar,
          lemuel_mausoleum_altar_kikubaaqudgha,
          nicolae_dithmenos_through_a_glass_darkly,
          gammafunk_temple_overflow_pools, gammafunk_ghost_stat_death
D:5:      layout_layer_cave, nicolae_ossuary_entry_giza

Skill      XL: |  1  2  3  4  5  6  7 |
---------------+----------------------+-----
Unarmed Combat | 1 2 |  2.9
Fighting       | 1 2 |  2.9
Dodging        | 2 3 |  3.0
Spellcasting   | 3 4 |  4.4
Necromancy     | 5 6 |  6.0
Stealth        | |  3.0

Action                     |  1- 3 |  4- 6 |  7- 9 || total
---------------------------+-------+-------+-------++-------
  Melee: Unarmed           |     6 |       |       ||     6
         Dagger            |     8 |       |       ||     8
         Whip              |    33 |       |       ||    33
         Short sword       |     3 |       |       ||     3
         Hand axe          |    44 |    19 |       ||    63
         Punch             |     1 |     2 |     2 ||     5
         Falchion          |       |   103 |    63 ||   166
  Throw: Stone             |       |     1 |       ||     1
         Boomerang         |       |       |     2 ||     2
   Cast: Necrotise         |    32 |    33 |     7 ||    72
Ability: Spit Poison       |    32 |    36 |     9 ||    77
    Use: Potion            |       |     6 |       ||     6
         Scroll            |       |     2 |     6 ||     8
   Stab: Sleeping          |     3 |     4 |     5 ||    12
 Armour: Robe              |    83 |    85 |    70 ||   238
  Dodge: Dodged            |    52 |    83 |    35 ||   170

Table legend: (Time is in decaauts)
 A = Elapsed time spent in this place.
 B = Non-inter-level travel time spent in this place.
 C = Inter-level travel time spent in this place.
 D = Time resting spent in this place.
 E = Time spent auto-exploring this place.
 F = Levels seen in this place.
 G = Mean time per level.
                   A        B        C        D        E       F      G
               +--------+--------+--------+--------+--------+-----+--------+
         Total |   5476 |   5213 |    263 |    970 |   2268 |   5 | 1095.2 |
       Dungeon |   5476 |   5213 |    263 |    970 |   2268 |   5 | 1095.2 |
               +--------+--------+--------+--------+--------+-----+--------+

Top non-repeatable levels by time:
     D:4: 1449 daAuts
     D:1: 1425 daAuts
     D:2: 1282 daAuts
     D:3: 933 daAuts
     D:5: 384 daAuts
